Map: Dusk Towers

Players

IIIIIIIIlIII

  • Race: Terran Terran
  • League: Grandmaster

IlIlIlIlIlIl (Naniwa) - Winner!

  • Race: Protoss Protoss
  • League: Grandmaster

VOD

Have the link to the VOD?

Description

Time

  • Played on: Feb. 27, 2016, 1:25 p.m.
  • Length: 11:17
Show
View Real Time Build Order
Export as new Build Order

IIIIIIIIlIII Terran 

Build Orders: Command Center First (CC), MMM Bio 

Get SALT Encoding   

  12  0:00  SCV  
  13  0:13  SCV  
  14  0:17  Supply Depot  
  14  0:25  SCV  
  15  0:39  SCV  
  16  0:51  SCV  
  17  0:59  Command Center  
  17  1:03  SCV  
  18  1:12  Barracks  
  18  1:16  SCV  
  19  1:26  Barracks  
  19  1:28  SCV  
  20  1:41  SCV  
  20  1:44  Barracks  
  22  1:58  Marine  
  22  1:59  Orbital Command  
  22  2:11  Orbital Command  
  22  2:12  Refinery  
  22  2:13  Marine  
  23  2:16  Marine  
  23  2:20  Refinery  
  24  2:24  SCV  
  25  2:31  Marine  
  25  2:33  Marine  
  25  2:36  SCV  
  28  2:39  SCV  
  30  2:48  SCV  
  31  2:51  SCV  
  31  2:53  Supply Depot, Marine  
  31  2:55  Supply Depot, Barracks Tech Lab, Marine  
  33  3:00  SCV  
  33  3:04  SCV  
  35  3:12  SCV, Marine  
  37  3:13  Marine  
  37  3:15  Marine  
  38  3:24  SCV  
  38  3:25  Stimpack  
  39  3:29  Engineering Bay, Factory  
  39  3:30  Marine  
  39  3:31  Marine  
  39  3:33  Marine  
  42  3:40  SCV  
  39  3:43  SCV  
  39  3:48  Marine  
  41  3:49  Marine  
  41  3:52  SCV, Marine  
  41  3:55  SCV  
  44  3:56  Refinery  
  44  3:58  Terran Infantry Weapons Level 1  
  44  4:04  SCV  
  44  4:05  Marine  
  44  4:07  SCV, Marine  
  48  4:11  Marine  
  48  4:14  Starport, Factory Reactor  
  48  4:16  SCV  
  50  4:19  SCV  
  51  4:27  Barracks Tech Lab, Barracks Reactor  
  51  4:28  SCV  
  52  4:31  Supply Depot, SCV  
  52  4:33  Supply Depot  
  53  4:41  Barracks, SCV  
  51  4:45  Missile Turret  
  51  4:46  SCV  
  48  4:53  Missile Turret, SCV  
  48  4:58  SCV  
  50  5:04  Medivac  
  50  5:05  Marine x2  
  50  5:06  Factory Reactor  
  54  5:10  SCV  
  54  5:11  Barracks  
  54  5:12  SCV  
  56  5:20  Marine  
  56  5:21  Marine  
  57  5:22  SCV  
  57  5:24  SCV  
  57  5:33  Marine x2  
  57  5:34  SCV  
  59  5:35  Combat Shields  
  59  5:36  SCV  
  59  5:40  Barracks Reactor  
  60  5:43  Medivac  
  60  5:44  Medivac  
  60  5:46  SCV  
  60  5:48  SCV  
  66  5:52  Supply Depot  
  66  5:53  Supply Depot  
  66  5:55  Marine x2  
  68  5:58  Marauder  
  70  6:08  Supply Depot  
  70  6:13  Widow Mine x2, Barracks Tech Lab, SCV x2  
  70  6:14  Terran Infantry Armor Level 1  
  70  6:16  Marine  
  77  6:18  Marine  
  77  6:19  Marine  
  77  6:20  Marine  
  77  6:25  SCV  
  81  6:30  Medivac  
  83  6:36  Supply Depot, Medivac  
  83  6:37  Supply Depot, Marine x3  
  83  6:38  Marine  
  89  6:40  Marauder  
  89  6:45  Refinery  
  89  6:46  Marauder  
  93  6:49  Supply Depot  
  93  6:50  SCV  
  94  6:57  Widow Mine, Concussive Shells  
  94  6:58  SCV  
  94  7:00  Marine x2  
  101  7:04  Marine  
  101  7:05  Marauder  
  101  7:06  Marine  
  101  7:07  Marine  
  104  7:09  Widow Mine, Marauder  
  108  7:16  Supply Depot  
  108  7:23  Medivac  
  108  7:25  Medivac, Marauder  
  108  7:26  Marine x4  
  118  7:32  Supply Depot  
  118  7:35  Supply Depot  
  117  7:37  Supply Depot  
  117  7:38  Marauder x2  
  117  7:41  Widow Mine x2  
  117  7:44  Marine  
  115  7:58  Marauder, Marine x3  
  98  7:59  Medivac, Marauder  
  98  8:00  Medivac  
  98  8:04  Marine  
  92  8:06  Marine  
  84  8:13  Widow Mine x2  
  84  8:15  Marine  
  84  8:16  Marine  
  88  8:21  Marine  
  88  8:23  Marine  
  88  8:24  Liberator  
  88  8:25  Liberator, Marauder x2  
  88  8:26  Marauder  
  94  8:36  Marine  
  88  8:43  Widow Mine x2  
  88  8:47  Marauder  
  88  8:48  Marauder, Marine  
  98  8:49  Marine  
  98  8:51  Marine  
  101  9:00  Marine  
  101  9:01  Marauder  
  104  9:06  Marine  
  104  9:08  Marine  
  104  9:09  Marauder, Marine  
  109  9:10  Marauder  
  109  9:12  Widow Mine  
  113  9:18  Marine  
  113  9:19  Widow Mine  
  113  9:22  Marauder, Liberator  
  113  9:23  Liberator  
  118  9:24  Marine  
  118  9:26  Marine  
  118  9:30  Marauder  
  122  9:33  Marine  
  122  9:34  Marauder  
  122  9:38  Marine  
  119  9:42  Marine  
  119  9:44  Marauder  
  120  9:53  Marauder, Marine  
  118  10:01  Widow Mine x2  
  118  10:03  Marine  
  118  10:04  Marauder, Marine  
  118  10:05  Liberator  
  117  10:15  Marine  
  117  10:16  Marauder  
  110  10:23  Marine  
  110  10:24  Marauder  
  110  10:28  Marauder, Marine  
  117  10:35  Marine  
  104  10:37  Marauder  
  103  10:45  Widow Mine  
  103  10:46  Widow Mine  
  103  10:49  Marauder  
Show
View Real Time Build Order
Export as new Build Order

IlIlIlIlIlIl Protoss - Winner!

Build Orders: 1 Gate Expand, Oracle Opening 

Get SALT Encoding   

  12  0:01  Probe (Chrono Boost)  
  13  0:12  Probe (Chrono Boost)  
  14  0:17  Pylon  
  14  0:22  Probe (Chrono Boost)  
  15  0:36  Probe (Chrono Boost)  
  15  0:38  Gateway  
  15  0:42  Assimilator  
  16  0:46  Probe (Chrono Boost)  
  18  0:57  Probe (Chrono Boost)  
  18  1:07  Probe (Chrono Boost)  
  19  1:18  Probe (Chrono Boost)  
  20  1:25  Cybernetics Core  
  20  1:33  Nexus, Probe (Chrono Boost)  
  21  1:41  Pylon  
  21  1:44  Probe (Chrono Boost)  
  22  1:49  Assimilator  
  22  1:55  Probe (Chrono Boost)  
  23  2:02  Adept (Chrono Boost)  
  23  2:06  Mothership Core (Chrono Boost)  
  27  2:15  Warp Gate  
  27  2:23  Probe (Chrono Boost)  
  27  2:29  Adept (Chrono Boost)  
  30  2:36  Probe (Chrono Boost)  
  31  2:47  Probe (Chrono Boost)  
  31  2:48  Stargate  
  32  2:53  Probe (Chrono Boost)  
  32  2:57  Probe (Chrono Boost)  
  34  3:04  Probe (Chrono Boost)  
  35  3:08  Probe (Chrono Boost)  
  35  3:11  Pylon  
  36  3:12  Pylon  
  36  3:13  Pylon  
  36  3:14  Probe (Chrono Boost)  
  36  3:18  Probe (Chrono Boost)  
  38  3:25  Probe (Chrono Boost)  
  37  3:29  Probe (Chrono Boost)  
  38  3:35  Probe (Chrono Boost)  
  38  3:38  Probe (Chrono Boost)  
  40  3:42  Oracle (Chrono Boost)  
  40  3:46  Pylon, Probe  
  44  3:48  Probe  
  45  3:59  Probe x2  
  45  4:03  Gateway  
  45  4:04  Gateway  
  45  4:07  Nexus  
  45  4:09  Probe  
  45  4:11  Probe  
  45  4:13  Oracle (Chrono Boost)  
  50  4:18  Sentry, Assimilator  
  50  4:22  Pylon, Assimilator  
  50  4:24  Probe  
  52  4:26  Probe  
  54  4:33  Pylon  
  54  4:34  Probe  
  54  4:38  Probe  
  56  4:45  Adept, Probe  
  58  4:50  Probe  
  60  4:55  Probe  
  60  4:58  Phoenix (Chrono Boost)  
  63  5:03  Forge  
  63  5:04  Twilight Council  
  63  5:05  Probe  
  63  5:06  Probe  
  64  5:12  Pylon, Adept x3  
  71  5:16  Probe  
  71  5:17  Probe  
  73  5:26  Protoss Ground Weapons Level 1  
  73  5:27  Probe x2  
  73  5:28  Phoenix (Chrono Boost), Resonating Glaives (Chrono Boost)  
  77  5:38  Pylon, Adept x3  
  83  5:50  Phoenix (Chrono Boost)  
  83  5:52  Probe x3  
  88  6:00  Pylon, Adept x3  
  94  6:05  Probe x3  
  94  6:09  Assimilator  
  94  6:10  Pylon, Assimilator  
  97  6:15  Gateway  
  97  6:21  Gateway x2  
  97  6:23  Probe x2  
  97  6:24  Probe  
  100  6:26  Phoenix (Chrono Boost)  
  100  6:29  Pylon  
  102  6:35  Probe  
  102  6:36  Probe x2  
  102  6:37  Pylon  
  105  6:44  Adept x3  
  114  7:00  Gateway  
  111  7:01  Robotics Facility  
  111  7:02  Pylon, Gateway  
  111  7:05  Photon Cannon x2  
  111  7:12  Pylon  
  111  7:13  Blink  
  111  7:14  Protoss Ground Armor Level 1 (Chrono Boost)  
  111  7:18  Adept x5  
  111  7:19  Pylon  
  111  7:20  Adept  
  123  7:42  Adept x5  
  123  7:43  Adept  
  110  8:11  Probe x3  
  113  8:14  Robotics Bay  
  113  8:15  Sentry, Robotics Facility  
  113  8:16  Nexus, Adept x5, Warp Prism (Chrono Boost)  
  113  8:19  Pylon  
  123  8:39  Photon Cannon  
  123  8:41  Pylon  
  121  8:44  Photon Cannon  
  121  8:48  Stalker x6  
  129  8:50  Sentry  
  129  8:51  Protoss Ground Armor Level 2 (Chrono Boost)  
  129  8:52  Stalker  
  134  9:14  Colossus x2 (Chrono Boost)  
  146  9:20  Extended Thermal Lance (Chrono Boost)  
  139  9:48  Adept x6  
  139  9:49  Adept x2  
  131  10:02  Observer (Chrono Boost)  
  131  10:03  Observer (Chrono Boost)  
  125  10:21  Stalker x8  
  116  10:45  Sentry, Adept x5  
  116  10:46  Adept  
  116  10:47  Adept  
  122  11:14  Adept  
  122  11:15  Adept x7  
Tags
 
Add a new tag
Caveats
  • Supply blocks, unpowered buildings, or Contaminate may cause inaccurate times.
  • Supply counts are checked every 10 seconds.